 Dungeon Crawl Stone Soup version 0.22-a0-407-gb098539 (webtiles) character file.

41200 Gorglomux the Grappler (level 13, -8/137 HPs)
             Began as a Troll Fighter on May 9, 2018.
             Was a High Priest of Makhleb.
             Mangled by Nessos (12 damage)
             ... on level 12 of the Dungeon.
             The game lasted 00:16:24 (12502 turns).

Gorglomux the Grappler (Troll Fighter)             Turns: 12502, Time: 00:16:25

Health: -8/137     AC:  9    Str: 27    XL:     13   Next: 78%
Magic:  0/26       EV: 10    Int:  8    God:    Makhleb [*****.]
Gold:   938        SH: 11    Dex:  9    Spells: 12/12 levels left

rFire    . . .     SeeInvis .     - Unarmed
rCold    . . .     Gourm    +   b - +0 shield
rNeg     . . .     Faith    .   w - +1 troll leather armour {Snorg}
rPois    .         Spirit   +   (helmet restricted)
rElec    .         Reflect  .   z - +0 cloak
rCorr    .         Harm     .   (gloves unavailable)
MR       .....                  (boots unavailable)
Stlth    +.........             i - amulet of guardian spirit
HPRegen  1.12/turn              I - ring of magical power
MPRegen  0.20/turn              (no ring)

@: drained
A: large, unfitting armour, claws 3, fast metabolism 3, gourmand, regeneration
1, shaggy fur 1, tough skin 2
a: Minor Destruction, Lesser Servant of Makhleb, Major Destruction, Greater
Servant of Makhleb, Renounce Religion


You were on level 12 of the Dungeon.
You worshipped Makhleb.
Makhleb was extremely pleased with you.
You were very full.

You visited 3 branches of the dungeon, and saw 19 of its levels.
You also visited: Bailey.

You collected 938 gold pieces.

Inventory:

Missiles
 C - 23 large rocks (quivered)
Armour
 b - a +0 shield (worn)
 w - a +1 troll leather armour (worn) {Snorg}
 z - a +0 cloak (worn)
 E - a +0 large shield
Jewellery
 i - an amulet of guardian spirit (around neck)
 I - a ring of magical power (left claw)
 K - the amulet "Tos Imp" {Faith Int+6 Dex-5}
   (You took it off an orc wizard on level 10 of the Dungeon)

   [amulet of faith]

   It allows you to gain divine favour quickly.
   It affects your intelligence (+6).
   It affects your dexterity (-5).
Wands
 A - a wand of acid (14)
 D - a wand of digging (10)
 P - a wand of paralysis (8)
Scrolls
 h - 9 scrolls of remove curse
 k - 3 scrolls of random uselessness {unknown}
 n - a scroll of summoning {unknown}
 x - a scroll of amnesia {unknown}
 y - a scroll of brand weapon {unknown}
 B - 3 scrolls of blinking
 G - 3 scrolls of fog {unknown}
 M - 3 scrolls of magic mapping
 R - 6 scrolls of identify
 S - a scroll of noise {unknown}
 T - 3 scrolls of teleportation
 X - 4 scrolls of immolation
 Y - a scroll of acquirement {unknown}
Potions
 e - 2 potions of berserk rage
 j - a potion of lignification
 l - 3 potions of haste
 m - 4 potions of mutation {!q}
 F - 2 potions of agility
 H - a potion of cancellation
 L - 3 potions of flight
 N - 2 potions of ambrosia
 O - 2 potions of brilliance
 Q - 3 potions of curing
 U - a potion of resistance
 V - 3 potions of heal wounds
 Z - a potion of invisibility
Miscellaneous
 W - a sack of spiders
Comestibles
 d - 26 rations


   Skills:
 + Level 11.5(10.3) Fighting
 - Level 5.0(3.9) Armour
 + Level 5.4(4.3) Dodging
 - Level 9.0(7.8) Shields
 + Level 13.3(12.0) Unarmed Combat
 + Level 6.9(5.8) Invocations


You had 12 spell levels left.
You didn't know any spells.

Dungeon Overview and Level Annotations

Branches:
Dungeon (12/15)            Temple (1/1) D:5            Lair (6/6) D:9
  Swamp (0/4) Lair:3        Snake (0/4) Lair:2
  Slime: Lair:5-6       Orc: D:9-12

Altars:
Ashenzari
Cheibriados
Dithmenos
Elyvilon
Fedhas
Gozag
Hepliaklqana
Kikubaaqudgha
Makhleb
Nemelex Xobeh
Okawaru
Qazlal
Ru
Trog
Uskayaw
Vehumet
Wu Jian
Xom
Yredelemnul
Zin
The Shining One

Shops:
D:7 [%%%[

Annotations:
D:12 Nessos
Lair:3 Rupert


Innate Abilities, Weirdness & Mutations

You are too large for most types of armour.
You have claws for hands.
Your metabolism is lightning-fast.
You like to eat raw meat.
Your natural rate of healing is unusually fast.
You are covered in fur. (AC +1)
You have very tough skin. (AC +2)


Message History

You feel better!
Nessos unwields an uncursed butt of flaming!
It stops flaming!
Butts hits you! * * * don't die
* * * You block Nessos's attack!
Evoke which item? (* to show all) (? for menu, Esc to quit)
Aiming: Paralyse
Press: ? - help, Shift-Dir - straight line, f/p - Nessos
Aim: Nessos, wearing a centaur barding (moderately wounded, fast, chance to defeat MR: 46%) Nessos resists with some effort!
Nessos hits you! * * * don't die
* * * Nessos completely misses you!
Evoke which item? (* to show all) (? for menu, Esc to quit)
Aiming: Paralyse Butts: ? - help, Shift-Dir - straight butt, f/p - Nessos
Aim: Nessos, wearing a centaur barding (moderately wounded, fast, chance to defeat MR: 46%) Nessos resists with some effort!
Nessos hits you!!! * * * don't die
* * * Nessos hits you!!! butt

.. #.# #. #.# #.# #.#
#.# #.# #.# #.# # .
#.# #.######.#
.#####.# #(.(@c(..#
.......######(######.#
..............# #.#
.......######.# #.#
.......# #.# #.#
.......# #.# #.#
.......# #.# #.#
.......# #.######.#
.......# #........#


You could see Nessos.

Vanquished Creatures
  Snorg (Lair:4)
  Josephine (Lair:4)
  Erolcha (D:10)
  A hydra (Lair:5)
  3 two-headed ogres
  Sonja (Lair:4)
  A fire crab (Lair:3)
  A deep elf mage (D:12)
  6 elephants (Lair:5)
  An ugly thing (D:11)
  3 cyclopes
  6 black mambas
  Joseph (Lair:1)
  14 spiny frogs
  8 komodo dragons
  A rime drake (Lair:4)
  A hornet (D:9)
  A troll (D:10)
  10 blink frogs
  6 hippogriffs
  A shadow (D:10)
  38 yaks
  4 wraiths (Lair:4)
  3 basilisks
  2 wyverns
  3 hungry ghosts
  14 two-headed ogre zombies (D:10)
  3 soldier ants
  4 porcupines
  11 water moccasins
  3 ice beasts
  6 sky beasts
  2 black bears
  The ghost of dstrtnsr the Chopper, an amateur HOBe of Trog (D:3)
  2 phantoms
  23 wolves
  5 ogres
  5 centaurs
  4 crocodiles
  2 big kobolds
  Blork the orc (D:5)
  14 bullfrogs
  3 wights (D:11)
  8 howler monkeys
  4 jellies
  2 electric eels (Lair:4)
  6 crimson imps
  A bullfrog zombie (D:10)
  A centaur zombie (D:9)
  4 quasits
  2 bullfrog skeletons
  2 orc priests
  3 centaur skeletons
  4 hounds
  7 orc wizards
  A gnoll shaman (D:4)
  2 iguanas
  5 worker ants
  2 hound skeletons
  A howler monkey zombie (D:5)
  6 gnolls
  18 adders
  6 shadow imps
  An ooze (D:3)
  An adder skeleton (D:9)
  2 worms
  A dart slug (D:1)
  5 leopard geckos
  32 orcs
  2 giant cockroaches
  6 goblins
  3 hobgoblins
  12 jackals
  8 quokkas
  2 ball pythons
  5 bats
  2 frilled lizards
  A giant cockroach zombie (D:6)
  14 kobolds
  2 quokka zombies
  6 rats
412 creatures vanquished.

Vanquished Creatures (collateral kills)
  2 hydras
  2 spiny frogs
4 creatures vanquished.

Vanquished Creatures (others)
  7 fungi
  3 plants (Lair:5)
10 creatures vanquished.

Grand Total: 426 creatures vanquished

Notes
Turn   | Place    | Note
-------+----------+-------------------------------------------
     0 | D:1      | Gorglomux the Troll Fighter began the quest for the Orb.
     0 | D:1      | Reached XP level 1. HP: 22/22 MP: 0/0
    28 | D:1      | Reached XP level 2. HP: 27/29 MP: 1/1
   229 | D:2      | Reached skill level 3 in Fighting
   265 | D:2      | Reached XP level 3. HP: 37/37 MP: 2/2
   287 | D:2      | Reached skill level 3 in Unarmed Combat
   698 | D:3      | Noticed a phantom
   745 | D:3      | Killed a phantom
   745 | D:3      | Reached skill level 4 in Unarmed Combat
   745 | D:3      | Reached XP level 4. HP: 48/48 MP: 3/3
   745 | D:3      | Reached XP level 5. HP: 54/54 MP: 4/4
   921 | D:3      | Noticed dstrtnsr's ghost (amateur HOBe)
   940 | D:3      | Killed dstrtnsr's ghost
  1308 | D:4      | Reached XP level 6. HP: 60/62 MP: 5/5
  1400 | D:4      | Noticed an orc warrior
  1569 | D:4      | Reached skill level 5 in Unarmed Combat
  1922 | D:4      | Reached XP level 7. HP: 72/72 MP: 6/6
  2222 | D:5      | Entered Level 5 of the Dungeon
  2235 | D:5      | Reached skill level 6 in Unarmed Combat
  2268 | D:5      | Found a staircase to the Ecumenical Temple.
  2281 | Temple   | Entered the Ecumenical Temple
  2449 | Temple   | Became a worshipper of Makhleb the Destroyer
  2637 | D:5      | Noticed Blork the orc
  2647 | D:5      | Killed Blork the orc
  3215 | D:6      | Noticed a two-headed ogre
  3221 | D:6      | Killed a two-headed ogre
  3221 | D:6      | Reached skill level 6 in Fighting
  3221 | D:6      | Reached skill level 3 in Shields
  3221 | D:6      | Reached skill level 7 in Unarmed Combat
  3221 | D:6      | Reached XP level 8. HP: 63/84 MP: 4/7
  3498 | D:6      | Reached * piety under Makhleb
  3810 | D:6      | Reached skill level 8 in Unarmed Combat
  3810 | D:6      | Reached XP level 9. HP: 92/92 MP: 8/8
  4009 | D:7      | Found Sukhol's Antique Armour Shop.
  4177 | D:7      | Found Toskud's Food Emporium.
  4206 | D:7      | Found Neyn's Food Shoppe.
  4239 | D:7      | Found Lutir Hum's Food Emporium.
  4430 | D:7      | Found Ypikk's Armour Emporium.
  4550 | D:7      | Reached ** piety under Makhleb
  4598 | D:8      | Noticed a two-headed ogre
  4774 | D:8      | Killed a two-headed ogre
  4774 | D:8      | Reached skill level 9 in Unarmed Combat
  4781 | D:8      | Reached XP level 10. HP: 34/104 MP: 2/9
  4791 | D:8      | Reached skill level 6 in Shields
  5161 | D:9      | Noticed a two-headed ogre
  5202 | D:8      | Killed a two-headed ogre
  5291 | D:9      | Reached skill level 10 in Unarmed Combat
  5388 | D:9      | Paralysed by a hornet for 3 turns
  5402 | D:9      | Reached skill level 9 in Fighting
  5940 | D:9      | Found a staircase to the Lair.
  5998 | D:10     | Entered Level 10 of the Dungeon
  6063 | D:10     | Reached *** piety under Makhleb
  6083 | D:10     | Reached XP level 11. HP: 51/115 MP: 4/10
  6512 | D:10     | Found a glowing golden altar of the Shining One.
  6526 | D:10     | Reached skill level 1 in Invocations
  6688 | D:10     | Reached skill level 1 in Armour
  6700 | D:10     | Noticed Erolcha
  6729 | D:10     | Killed Erolcha
  6729 | D:10     | Reached skill level 11 in Unarmed Combat
  6783 | D:10     | Got a wavering copper amulet
  6805 | D:10     | Reached **** piety under Makhleb
  6952 | D:10     | Identified the amulet "Tos Imp" {Faith Int+6 Dex-5} (You took it off an orc wizard on level 10 of the Dungeon)
  7309 | D:11     | Found a flagged portal.
  7325 | Bailey   | Entered a bailey
  7369 | D:11     | Noticed a green ugly thing
  7378 | D:11     | Killed a green ugly thing
  7378 | D:11     | Reached skill level 3 in Invocations
  7483 | D:11     | Reached skill level 3 in Armour
  8122 | Lair:1   | Entered Level 1 of the Lair of Beasts
  8175 | Lair:1   | Reached ***** piety under Makhleb
  8175 | Lair:1   | Reached XP level 12. HP: 111/126 MP: 8/13
  8376 | Lair:1   | Noticed Joseph
  8391 | Lair:1   | Killed Joseph
  8495 | Lair:2   | Found a staircase to the Snake Pit.
  8527 | Lair:2   | Noticed a six-headed hydra
  8536 | Lair:2   | Killed a six-headed hydra
  8580 | Lair:2   | Found a labyrinth entrance.
  8801 | Lair:2   | Found a dark tunnel.
  9071 | Lair:3   | Reached skill level 9 in Shields
  9088 | Lair:3   | Reached skill level 12 in Unarmed Combat
  9125 | Lair:3   | Found the +12 glaive of Prune {chop}
  9403 | Lair:3   | Noticed Rupert
  9405 | Lair:3   | Paralysed by Rupert for 7 turns
  9554 | Lair:3   | Found a staircase to the Swamp.
  9642 | Lair:4   | Reached skill level 3 in Dodging
  9853 | Lair:4   | Noticed Josephine
  9875 | Lair:4   | Killed Josephine
  9875 | Lair:4   | Reached XP level 13. HP: 136/136 MP: 15/15
 10145 | Lair:4   | Noticed Sonja
 10159 | Lair:4   | Killed Sonja
 10560 | Lair:4   | Noticed Snorg
 10571 | Lair:4   | Killed Snorg
 11309 | Lair:5   | Reached skill level 6 in Invocations
 11401 | Lair:5   | Reached skill level 13 in Unarmed Combat
 11680 | Lair:5   | HP: 6/137 [black mamba (13)]
 12167 | Lair:6   | Entered Level 6 of the Lair of Beasts
 12484 | D:12     | Noticed Nessos
 12502 | D:12     | HP: 4/137 [Nessos (6)]
 12502 | D:12     | Mangled by Nessos

Vault maps used:
D:1:      eino_arrival_tree_alley
D:2:      kennysheep_generic_room_16
D:3:      lemuel_blue_sif_altar, first_ration
D:4:      lightli_corner_chamber
D:5:      minmay_temple_entry_statues_fountains, uniq_blork_the_orc
D:7:      serial_shops, shop, nicolae_shop_stone, kennysheep_little_box,
          kennysheep_mini_moat, shop, st_stairs_3
D:9:      lair_entry_dummy, hangedman_pestilent_swarm, hangedman_glass_teeth
D:10:     lemuel_ogre_cave, hex_medium, tso_altar
D:11:     minmay_klotski, enter_bailey_7
D:12:     orc_0_dummy, serial_shops, nicolae_shop_stone, uniq_nessos,
          uniq_maurice
Temple:   compressed_dpeg_triangle_lava_temple
Lair:1:   portal_ice_cave_entry_ice_beasts, st_stairs_4, uniq_joseph
Lair:2:   minmay_snake_entry_six_corridors, nicolae_volcano_entry_lava_flow,
          lab_entry_generic
Lair:3:   minmay_swamp_entry_eels, grunt_forest_small_clearings,
          minmay_stone_trees_small, minmay_hedge_maze, lemuel_fruit_fields,
          uniq_rupert
Lair:4:   disabler_island, uniq_josephine, uniq_snorg, uniq_sonja
Lair:5:   beast_lair_carwin_7
Lair:6:   minmay_lair_end_frog_pond, minmay_slime_entry_oklob_open,
          infiniplex_staircase_pool_2
Bailey:   bailey_axe_1, bailey

Skill      XL: |  1  2  3  4  5  6  7  8  9 10 11 12 13 |
---------------+----------------------------------------+-----
Fighting       | 3 4 5 6 8 9 10 11 | 11.5
Unarmed Combat | 4 5 7 8 9 10 11 12 13 | 13.3
Shields        | 3 4 5 7 8 9 |  9.0
Invocations    | 3 5 6 |  6.9
Armour         | 3 5 |  5.0
Dodging        | 3 5 |  5.4

Action                   |  1- 3 |  4- 6 |  7- 9 | 10-12 | 13-15 || total
-------------------------+-------+-------+-------+-------+-------++-------
Melee: Unarmed           |    94 |   109 |   290 |   750 |   261 ||  1504
Invok: Minor Destruction |       |       |     1 |     8 |    32 ||    41
       Lesser Servant of |       |       |       |     3 |     6 ||     9
Evoke: Wand              |       |       |     1 |     2 |    10 ||    13
  Use: Scroll            |       |     6 |       |    14 |       ||    20
       Potion            |       |       |       |     3 |     4 ||     7
  Eat: Chunk             |    12 |    11 |    27 |    56 |    22 ||   128
Armor: Robe              |    22 |    22 |    73 |    81 |       ||   198
       Skin              |       |       |       |    18 |    15 ||    33
       Troll leather arm |       |       |       |   136 |    60 ||   196
Dodge: Dodged            |    16 |    28 |    78 |   256 |   121 ||   499
Block: Shield            |    34 |    34 |   116 |   418 |   192 ||   794

Table legend:
 A = Spawn XP
 B = Non-spawn XP
 C = Spawn XP percentage of total XP
 D = Spawn monster count
 E = Non-spawn monster count
 F = Spawn count percentage of total count
 G = Total turns spent on level
                    A         B        C        D         E        F      G
               +---------+---------+-------+---------+---------+-------+---------
         Total |       0 |   58858 |   0.0 |       0 |     416 |   0.0 | 12502
               +---------+---------+-------+---------+---------+-------+---------
           D:1 |       0 |      18 |   0.0 |       0 |      10 |   0.0 |   146
           D:2 |       0 |      60 |   0.0 |       0 |      19 |   0.0 |   504
           D:3 |       0 |     296 |   0.0 |       0 |      11 |   0.0 |   632
           D:4 |       0 |     573 |   0.0 |       0 |      33 |   0.0 |   940
           D:5 |       0 |     419 |   0.0 |       0 |      21 |   0.0 |   788
           D:6 |       0 |    1455 |   0.0 |       0 |      22 |   0.0 |   745
           D:7 |       0 |    1242 |   0.0 |       0 |      29 |   0.0 |   746
           D:8 |       0 |    2612 |   0.0 |       0 |      12 |   0.0 |   571
           D:9 |       0 |    3523 |   0.0 |       0 |      25 |   0.0 |   874
          D:10 |       0 |    6804 |   0.0 |       0 |      50 |   0.0 |  1209
          D:11 |       0 |    4057 |   0.0 |       0 |      37 |   0.0 |   872
          D:12 |       0 |    1117 |   0.0 |       0 |       4 |   0.0 |   123
        Lair:1 |       0 |    2846 |   0.0 |       0 |      15 |   0.0 |   327
        Lair:2 |       0 |    5826 |   0.0 |       0 |      28 |   0.0 |   538
        Lair:3 |       0 |    5219 |   0.0 |       0 |      28 |   0.0 |   706
        Lair:4 |       0 |    8942 |   0.0 |       0 |      29 |   0.0 |  1557
        Lair:5 |       0 |   13849 |   0.0 |       0 |      43 |   0.0 |  1035
               +---------+---------+-------+---------+---------+-------+---------
